 Dungeon Crawl Stone Soup version 0.29-a0-839-g4793fd635e (webtiles) character file.

Game seed: 5040148732906949644

7945 DungeonMaster the Fighter (level 11, -3/89 HPs)
             Began as a Demonspawn Wanderer on July 14, 2022.
             Was an Initiate of Gozag.
             Slain by a death yak (10 damage)
             ... on level 8 of the Dungeon.
             The game lasted 00:22:04 (8892 turns).

DungeonMaster the Fighter (Demonspawn Wanderer)     Turns: 8892, Time: 00:22:05

Health: -3/89      AC: 15    Str: 15    XL:     11   Next: 3%
Magic:  15/15      EV: 10    Int: 14    God:    Gozag
Gold:   457        SH: 19    Dex: 20    Spells: 16/16 levels left

rFire   . . .      SeeInvis .   a - +3 broad axe (vorpal)
rCold   + . .      Faith    .   B - +1 kite shield
rNeg    . . .      Spirit   .   o - +2 scale mail {rPois}
rPois   +          Reflect  .   (helmet unavailable)
rElec   .          Harm     .   v - +1 cloak
rCorr   .          Rampage  .   f - +2 pair of gloves
Will    .....                   (no boots)
Stlth   +.........              t - amulet of regeneration
HPRegen 1.04/turn               p - ring of protection from cold
MPRegen 0.14/turn               k - +6 ring of dexterity

@: about to teleport, gold aura
A: horns 3, large bone plates 2, spiny 1
a: Renounce Religion, Potion Petition, Call Merchant, Bribe Branch


You were on level 8 of the Dungeon.
You worshipped Gozag.
Gozag was aware of your devotion.
You visited 2 branches of the dungeon, and saw 10 of its levels.
You also visited: Sewer.

You collected 1404 gold pieces.
You spent 877 gold pieces at shops.
You paid 70 gold pieces to Gozag.

Inventory:

Hand Weapons
 a - a +3 vorpal broad axe (weapon)
 d - a +1 rapier
 i - a +7 spectral quarterstaff
 s - the +3 war axe of Shrieking Terror {vorpal, rC+}
   (You bought it in a shop on level 2 of the Dungeon)

   It inflicts extra damage upon your enemies.
   rC:        It protects you from cold.
 M - a +1 hand axe of flaming
Missiles
 g - 50 stones
 r - 4 poisoned darts
 G - 3 javelins
 K - a throwing net
 P - a boomerang
Armour
 f - a +2 pair of gloves (worn)
 o - a +2 scale mail of poison resistance (worn)
 v - a +1 cloak (worn)
 x - a scarf of shadows
 B - a +1 kite shield (worn)
 L - a +2 leather armour of fire resistance
Magical Staves
 q - a staff of poison
Jewellery
 k - a +6 ring of dexterity (right hand)
 l - a ring of flight
 p - a ring of protection from cold (left hand)
 t - an amulet of regeneration (around neck)
 y - a ring of protection from fire
 D - a ring of see invisible
Wands
 c - a wand of light (13)
 z - a wand of flame (13)
 F - a wand of iceblast (12) (quivered)
Scrolls
 b - 4 scrolls of fear
 m - 7 scrolls of teleportation
 u - 2 scrolls of magic mapping
 C - a scroll of amnesia
 E - 2 scrolls of fog
 J - a scroll of silence
Potions
 e - a potion of invisibility
 h - 2 potions of brilliance
 j - 3 potions of heal wounds
 n - 6 potions of curing
 w - 2 potions of magic
 A - 3 potions of flight
 H - a potion of cancellation {unknown}
 I - a potion of ambrosia
 N - a potion of haste {unknown}
 O - 2 potions of berserk rage {unknown}


   Skills:
 * Level 9.2 Fighting
 * Level 5.5 Axes
 * Level 7.2 Armour
 - Level 4.3 Dodging
 - Level 1.0 Stealth
 * Level 8.5 Shields
 - Level 3.0 Spellcasting
 - Level 1.0 Earth Magic
 - Level 1.0 Evocations


You had 16 spell levels left.
You didn't know any spells.
Your spell library contained the following spells:

 Spells                   Type           Power      Damage    Failure   Level
 Sandblast                Erth           8%         2d5       75%         1
 Apportation              Tloc           4%         N/A       86%         1
 Poisonous Vapours        Pois/Air       4%         N/A       95%         2
 Wereblood                Tmut           2%         N/A       95%         2
 Portal Projectile        Hex/Tloc       4%         N/A       99%         3
 Spider Form              Tmut/Pois      2%         N/A       99%         3
 Stone Arrow              Conj/Erth      6%         3d7       99%         3
 Tukima's Dance           Hex            2%         N/A       99%         3
 Blade Hands              Tmut           1%         N/A       100%        5


Dungeon Overview and Level Annotations

Branches:
Dungeon (9/15)             Temple (1/1) D:4           Sewer (visited)
   Lair: D:8-11         Orc: D:9-12

Altars:
Ashenzari
Cheibriados
Dithmenos
Fedhas
Gozag
Hepliaklqana
Makhleb
Nemelex Xobeh
Okawaru
Qazlal
Uskayaw
Vehumet
Wu Jian
Xom
Yredelemnul

Shops:
D:2 *(:*

Annotations:
D:4 exclusion: door, Grinder


Innate Abilities, Weirdness & Mutations

You have a pair of large horns on your head.
You are mostly covered in large bone plates. (SH +6)
You are partially covered in sharp spines.


Message History

The death yak gores you but does no damage.
You hit the death yak but do no damage.
You headbutt the death yak, but do no damage.
The death yak is almost dead.
The death yak gores you!!
* * * LOW HITPOINT WARNING * * *
The death yak gores you!
* * * LOW HITPOINT WARNING * * *
You hit the death yak.
The death yak is almost dead.
The death yak barely misses you.
You slash the death yak!
You kill the death yak!
You block the death yak's attack.
You have reached level 11!
Your demonic ancestry asserts itself...
Sharp spines emerge from parts of your body.
The death yak attacks as you move away! The death yak is struck by your spines.
The death yak gores you.
* * * LOW HITPOINT WARNING * * *
As you read the scroll of fear, it crumbles to dust.
You assume a fearsome visage.
The death yak looks frightened!
The death yak resists with some effort.
The death yak gores you!
* * * LOW HITPOINT WARNING * * *
As you read the scroll of fear, it crumbles to dust.
You assume a fearsome visage.
The death yak resists with almost no effort.
The death yak closely misses you.
As you read the scroll of fear, it crumbles to dust.
You assume a fearsome visage.
The death yak resists with almost no effort.
The death yak is struck by your spines. The death yak gores you.
* * * LOW HITPOINT WARNING * * *
As you read the scroll of teleportation, it crumbles to dust.
You feel strangely unstable. The death yak is struck by your spines.
The death yak barely misses you. The death yak attacks as you move away!
You block the death yak's attack. The death yak attacks as you move away!
The death yak gores you!
You die...
Your body crumbles into a pile of gold.

#.# #.# ##.#..##.###... #.#
######.#####.###.##.##.#..
#.######.........#.## ##.....##..
#.##..............## ###...#.#.#
#.#...##.......#.#.## #..........
#.#.#.##..####.#.#..###.......#.#
#...#.....# ##.#.....#.....PP....
#.#####...#
#.......#.#...Pā‰ˆā‰ˆ...#
#...#...#.###.)#@...##..#.......#
###.#.##...##..#Y####..##'......#
.##...##...##..#.# #.##_##..āŒ
..# .###.###...##>.#.#
#..###......# .# #...........#$#
###..#....##.# .# #...........Y.#
#.......####.# .# ##.........####
#.##.........# .# ####...##.#
#.##.######### [# #...##.#
#.##.##


You could see 2 death yaks.

Vanquished Creatures
  2 death yaks
  Pikel (D:7)
  Maurice (D:8)
  Joseph (D:7)
  A hornet (D:7)
  Prince Ribbit (D:7)
  Sigmund (D:3)
  2 wyverns
  10 yaks
  Grum (D:8)
  Menkaure (D:7)
  3 water moccasins
  2 sky beasts
  2 orc warriors
  2 black bears
  2 ice beasts (D:6)
  2 ogres
  2 wolves (D:8)
  A centaur (D:8)
  4 lemures
  5 bullfrogs
  A gnoll sergeant (D:9)
  6 scorpions
  6 killer bees
  An electric eel (D:7)
  A gnoll bouda (D:6)
  4 orc priests
  3 hounds
  Terence (D:2)
  2 iguanas
  Natasha (twice) (D:4)
  3 orc wizards
  Robin (D:2)
  9 gnolls
  6 adders
  2 shadow imps (D:6)
  2 white imps
  2 ufetubi (D:6)
  2 worms (D:3)
  3 dart slugs (D:2)
  14 orcs
  6 bats
  7 endoplasms
  8 giant cockroaches
  14 goblins
  13 hobgoblins
  7 jackals
  7 kobolds
  9 quokkas
  5 ball pythons
  2 frilled lizards
  4 rats
200 creatures vanquished.

Vanquished Creatures (collateral kills)
  A white imp (D:6)
1 creature vanquished.

Grand Total: 201 creatures vanquished

Notes
Turn   | Place    | Note
-------+----------+-------------------------------------------
     0 | D:1      | DungeonMaster the Demonspawn Wanderer began the quest for
                  | the Orb.
     0 | D:1      | DungeonMaster set off with the following items: a +0
                  | dagger, a scroll of fear, a +0 robe, a +0 buckler; and the
                  | following spells available to memorise: Sandblast,
                  | Apportation, Poisonous Vapours, Wereblood, Stone Arrow,
                  | Spider Form.
     0 | D:1      | Reached XP level 1. HP: 13/13 MP: 4/4
   861 | D:1      | Gained mutation: You are partially covered in large bone
                  | plates. (SH +4) [demonic ancestry]
   861 | D:1      | Reached XP level 2. HP: 19/20 MP: 6/6
   890 | D:1      | Reached skill level 1 in Fighting
  1741 | D:2      | Gained mutation: You have a pair of small horns on your
                  | head. [demonic ancestry]
  1741 | D:2      | Reached XP level 3. HP: 26/26 MP: 7/7
  1748 | D:2      | Noticed Terence
  1817 | D:2      | Found a faded altar of an unknown god.
  1903 | D:2      | Found Xina's Antique Weapon Shop.
  2079 | D:2      | Killed Terence
  2080 | D:2      | Reached skill level 2 in Fighting
  2080 | D:2      | Reached XP level 4. HP: 17/33 MP: 8/8
  2251 | D:2      | Found Eguchaun's General Store.
  2375 | D:2      | Identified a scroll of acquirement
  2375 | D:2      | Acquired a +1 hat of see invisible
  2527 | D:2      | Noticed Robin
  2568 | D:2      | Killed Robin
  2645 | D:2      | Found Ifobe's Assorted Antiques.
  2737 | D:2      | Found Teatio's Vocational Training.
  2822 | D:3      | Found a radiant altar of Vehumet.
  2823 | D:3      | Noticed Sigmund
  2841 | D:3      | Killed Sigmund
  2842 | D:3      | Reached skill level 3 in Fighting
  2842 | D:3      | Reached XP level 5. HP: 33/41 MP: 9/9
  2842 | D:3      | Reached XP level 6. HP: 38/47 MP: 10/10
  3740 | D:3      | Found a burning altar of Makhleb.
  3819 | D:4      | Found a staircase to the Ecumenical Temple.
  3828 | D:4      | Noticed a water moccasin
  3833 | Temple   | Entered the Ecumenical Temple
  3849 | Temple   | Killed a water moccasin
  3864 | Temple   | Became a worshipper of Gozag Ym Sagoz the Greedy
  4031 | D:4      | Reached skill level 4 in Fighting
  4197 | D:4      | Gained mutation: You have a pair of horns on your head.
                  | [demonic ancestry]
  4197 | D:4      | Reached XP level 7. HP: 53/54 MP: 11/11
  4288 | D:4      | Noticed Natasha
  4292 | D:4      | Killed Natasha
  4319 | D:4      | Found an ornate altar of the Wu Jian Council.
  4319 | D:4      | Found a sparkling altar of Nemelex Xobeh.
  4320 | D:4      | Noticed Grinder
  4390 | D:4      | Found a snail-covered altar of Cheibriados.
  4565 | D:4      | Noticed Natasha
  4581 | D:4      | Killed Natasha
  4744 | D:5      | Entered Level 5 of the Dungeon
  4858 | D:5      | Identified the +8 spear of Valour {flame, Int+2 Stlth+}
  5467 | D:6      | Reached skill level 5 in Fighting
  5514 | D:6      | Gained mutation: You are mostly covered in large bone
                  | plates. (SH +6) [demonic ancestry]
  5514 | D:6      | Reached XP level 8. HP: 30/62 MP: 12/12
  5571 | D:6      | Found a glowing drain.
  5584 | Sewer    | Entered a sewer
  5653 | Sewer    | Reached skill level 5 in Shields
  5912 | D:6      | Reached skill level 6 in Fighting
  6360 | D:2      | Bought a scroll of identify for 28 gold pieces
  6360 | D:2      | Bought a scroll of magic mapping for 105 gold pieces
  6360 | D:2      | Bought a scroll of silence for 133 gold pieces
  6360 | D:2      | Bought a scroll of fear for 56 gold pieces
  6406 | D:2      | Bought an iridescent war axe for 161 gold pieces
  6406 | D:2      | Identified the +3 war axe of Shrieking Terror {vorpal, rC+}
                  | (You bought it in a shop on level 2 of the Dungeon)
  6408 | D:2      | Bought a runed broad axe for 133 gold pieces
  6588 | D:6      | Gained mutation: You have a pair of large horns on your
                  | head. [demonic ancestry]
  6588 | D:6      | Reached XP level 9. HP: 71/71 MP: 13/13
  6601 | D:7      | Noticed Joseph
  6617 | D:7      | Killed Joseph
  6617 | D:7      | Noticed Menkaure
  6618 | D:7      | Reached skill level 1 in Axes
  6629 | D:7      | Killed Menkaure
  6630 | D:7      | Reached skill level 7 in Fighting
  6690 | D:7      | Noticed Pikel
  6703 | D:7      | Killed Pikel
  6704 | D:7      | Reached skill level 5 in Armour
  6875 | D:7      | Noticed Prince Ribbit
  6896 | D:7      | Killed Prince Ribbit
  6968 | D:7      | Found a broken altar of Ashenzari.
  7191 | D:7      | Reached XP level 10. HP: 80/80 MP: 14/14
  7326 | D:7      | Reached skill level 8 in Fighting
  7591 | D:2      | Bought a potion of curing for 87 gold pieces
  7591 | D:2      | Bought a scroll of teleportation for 87 gold pieces
  7591 | D:2      | Bought a scroll of teleportation for 87 gold pieces
  7763 | D:8      | Noticed Grum
  7857 | D:8      | Killed Grum
  7932 | D:8      | Noticed a +0 short sword
  7932 | D:8      | Noticed a +0 dagger
  7933 | D:8      | Noticed a +0 short sword
  7934 | D:8      | Noticed a +0 spear
  7934 | D:8      | Noticed a +0 dagger
  7934 | D:8      | Noticed a +0 falchion
  7935 | D:8      | Noticed a +0 spear
  7972 | D:8      | Noticed Maurice
  7980 | D:8      | Killed Maurice
  8110 | D:8      | Noticed a +0 falchion
  8145 | D:8      | Found a hide-covered altar of Uskayaw.
  8515 | D:8      | Reached skill level 5 in Axes
  8787 | D:9      | Noticed a death yak
  8787 | D:9      | Noticed a death yak
  8788 | D:9      | Noticed a death yak
  8789 | D:9      | Noticed a death yak
  8790 | D:9      | Noticed a death yak
  8790 | D:9      | Noticed a death yak
  8791 | D:9      | Noticed a death yak
  8792 | D:9      | Noticed a death yak
  8807 | D:9      | Killed a death yak
  8808 | D:9      | Reached skill level 9 in Fighting
  8884 | D:8      | Killed a death yak
  8885 | D:8      | Gained mutation: You are partially covered in sharp spines.
                  | [demonic ancestry]
  8885 | D:8      | Reached XP level 11. HP: 13/89 MP: 15/15
  8886 | D:8      | HP: 4/89 [death yak (7)]
  8892 | D:8      | Slain by a death yak

Illustrated notes

Levels and vault maps discovered:
D:1:      sevenhm_arrival_forest_fort_large_4, layout_loops_corners
D:2:      minmay_inner_zag, layout_basic,
          shapermc_ecumenical_altar_totnotflames, serial_shops,
          nicolae_shop_crystal, nicolae_square_shop, shop, hex_tiny,
          grunt_decor_junction, nicolae_shop_vocational, uniq_terence,
          uniq_robin
D:3:      layout_basic, fiery_altar_vehumet, lemuel_tele_altar, uniq_sigmund
D:4:      layout_loops_ring, nicolae_overflow_quartered_altars,
          minmay_temple_entry_large_hall, uniq_grinder, uniq_natasha
D:5:      layout_basic, minmay_shop_enchanted_jewellery,
          kennysheep_big_empty_room, hangedman_abyss_or_decor_stabs
D:6:      minmay_angry_zag, layout_cave_pools, portal_sewer_entry_f
D:7:      layout_cave_pools, kennysheep_mini, serial_co_window_serial,
          co_window_paths_a, co_window_of_opportunity_a, co_window_paths_a,
          co_window_cross_1, co_window_paths_a, co_window_corner_b,
          co_window_broadway_c, co_window_paths_c, co_window_unsneaky_path_a,
          co_window_2corner, glass_columns_a, glass_columns_a, glass_columns_c,
          minmay_crystal_water, kennysheep_dice, uniq_joseph, uniq_pikel,
          uniq_prince_ribbit1, uniq_menkaure
D:8:      layout_loops_ring, nicolae_uskayaw_en_pointe, tso_oasis_becter,
          uniq_maurice, uniq_grum
D:9:      layout_gridville, nicolae_overflow_hidden_temple, dpeg_lair_monsters
Temple:   eino_temple_lava

Skill      XL: |  1  2  3  4  5  6  7  8  9 10 |
---------------+-------------------------------+-----
Fighting       | 1 2 3 4 5 6 7 9 |  9.2
Shields        | 2 3 4 6 7 8 |  8.5
Dodging        | 2 3 4 |  4.3
Armour         | 2 4 5 7 |  7.2
Axes           | 3 5 |  5.5
Stealth        | |  1.0
Spellcasting   | |  3.0
Earth Magic    | |  1.0
Evocations     | |  1.0

Action                   |  1- 3 |  4- 6 |  7- 9 | 10-12 || total
-------------------------+-------+-------+-------+-------++-------
Melee: Dagger            |    24 |       |       |       ||    24
       Rapier            |   100 |   160 |   194 |       ||   454
       Headbutt          |     6 |    24 |    73 |    35 ||   138
       Broad axe         |       |       |   121 |   154 ||   275
Throw: Stone             |     1 |       |       |       ||     1
       Dart              |       |       |     8 |     2 ||    10
Evoke: Wand              |       |       |       |     7 ||     7
  Use: Scroll            |     6 |     2 |     8 |     7 ||    23
       Potion            |     1 |       |     1 |       ||     2
 Stab: Sleeping          |     5 |       |       |       ||     5
       Invisible         |     1 |       |       |       ||     1
       Distracted        |       |       |     3 |       ||     3
Armor: Robe              |    21 |       |       |       ||    21
       Plate armour      |    22 |       |       |       ||    22
       Scale mail        |       |    77 |   140 |    62 ||   279
Dodge: Dodged            |    37 |    93 |   103 |    63 ||   296
Block: Buckler           |    45 |    99 |    18 |       ||   162
       Kite shield       |       |       |   372 |   219 ||   591

Table legend: (Time is in decaauts)
 A = Elapsed time spent in this place.
 B = Non-inter-level travel time spent in this place.
 C = Inter-level travel time spent in this place.
 D = Time resting spent in this place.
 E = Time spent auto-exploring this place.
 F = Levels seen in this place.
 G = Mean time per level.
                   A        B        C        D        E       F      G
               +--------+--------+--------+--------+--------+-----+--------+
         Total |   9209 |   8352 |    857 |    203 |   5686 |  11 |  837.2 |
       Dungeon |   9033 |   8183 |    850 |    203 |   5642 |   9 | 1003.7 |
        Temple |     43 |     36 |      7 |      0 |      0 |   1 |   43.0 |
         Sewer |    132 |    132 |      0 |      0 |     44 |   1 |  132.0 |
               +--------+--------+--------+--------+--------+-----+--------+

Top non-repeatable levels by time:
     D:1: 1784 daAuts
     D:2: 1162 daAuts
     D:7: 1075 daAuts
     D:4: 1062 daAuts
     D:3: 1042 daAuts
     D:6: 909 daAuts
     D:8: 867 daAuts
     D:5: 781 daAuts
     D:9: 346 daAuts
   Sewer: 132 daAuts
  Temple: 43 daAuts
